AoeStats
← DiaperMoogletism

Arabia

508729473Analyzed
1v1 RM · 10d ago on Sep 23, 2026· 36m 47s· 2 players
Game mode
Random Map
Map size
Tiny (2 player)
Population
200
Speed
Normal
Resources
Standard
Victory
Conquest
Starting age
Dark Age
Ending age
Imperial Age
RankedLock teamsTeams togetherTeam positionsShared explorationLock speedFull tech treeHidden civsTurbo modeCheats
Victory
Defeat
🇧🇷 Armenians · Brazil
766
+15
🇺🇸 Slavs · United States
754
-15
DiaperMoogletism
8:00 Loom
13:22 Feudal Age
13:34 Feudal Age
18:09 Castle Age
17:48 Bloodlines
17:46 Scale Barding Armor
20:53 Husbandry
22:25 Forging
23:03 Gold Mining
23:04 Double-Bit Axe
25:20 Wheelbarrow
30:10 Iron Casting
Azuu
5:44 Loom
12:03 Feudal Age
12:24 Horse Collar
12:38 Man-at-Arms
14:18 Long Swordsman
17:17 Forging
17:23 Arson
18:46 Double-Bit Axe
18:52 Gold Mining
20:01 Scale Mail Armor
19:52 Fletching
23:54 Castle Age
23:08 Wheelbarrow
24:03 Padded Archer Armor
23:27 Pikeman
25:25 Iron Casting
26:00 Heavy Plow
26:52 Gambesons
27:08 Squires
28:23 Chain Mail Armor
29:10 Bow Saw
29:40 Bodkin Arrow
31:34 Murder Holes
33:51 Hand Cart
34:07 Halberdier
Connection lost

Rejoining the realm…

Still unreachable

The connection could not be restored.

Session expired

The server has moved on; the page needs a fresh start.